 Dungeon Crawl Stone Soup version 0.30.1-11-g7821555f0a (webtiles) character file.

Game seed: 4359652162698884191

249 Lutefisk the Gusty (level 6, -4/37 HPs)
             Began as a Tengu Air Elementalist on Dec 6, 2023.
             Killed by nerve-wracking pain
             ... invoked by an orc priest
              (14 damage)
             ... on level 4 of the Dungeon.
             The game lasted 00:10:44 (1029 turns).

Lutefisk the Gusty (Tengu Air Elementalist)         Turns: 1029, Time: 00:10:45

Health: -4/37      AC:  7    Str:  8    XL:     6   Next: 12%
Magic:  4/10       EV: 12    Int: 18    God:
Gold:   132        SH:  0    Dex: 14    Spells: 3/9 levels left

rFire   + . .        c - +0 hand axe
rCold   . . .        (no shield)
rNeg    . . .        n - +2 ring mail {rF+}
rPois   .            (helmet restricted)
rElec   .            (no cloak)
rCorr   .            (no gloves)
SInv    .            (boots unavailable)
Will    .....        (no amulet)
Stlth   +            (no ring)
HPRegen 0.26/turn    (no ring)
MPRegen 0.12/turn

%: no passive effects
@: flying quickly and evasively, very slightly contaminated, quick
A: beak, talons 3, nimble flight
a: no special abilities


You were on level 4 of the Dungeon.
You visited 1 branch of the dungeon, and saw 4 of its levels.

You collected 132 gold pieces.

Inventory:

Hand Weapons
 c - a +0 hand axe (weapon)
Missiles
 g - 8 poisoned darts (quivered)
Armour
 a - a +0 robe
 n - a +2 ring mail of fire resistance (worn)
Scrolls
 f - 2 scrolls of teleportation {unknown}
 i - a scroll of blinking {unknown}
 k - 7 scrolls of identify {unknown}
 l - a scroll of amnesia {unknown}
 m - a scroll of fear {unknown}
 q - a scroll of silence {unknown}
Potions
 b - a potion of magic
 d - 2 potions of curing {unknown}
 e - a potion of ambrosia {unknown}
 j - 2 potions of degeneration {unknown}
 o - a potion of cancellation {unknown}
 p - a potion of might {unknown}
 r - a potion of haste {unknown}


   Skills:
 - Level 3.0 Fighting
 - Level 2.0 Armour
 * Level 2.8 Dodging
 * Level 2.6 Stealth
 - Level 2.0 Spellcasting
 - Level 3.0 Conjurations
 * Level 5.8 Air Magic


You had 3 spell levels left.
You knew the following spells:

 Your Spells              Type           Power      Damage    Failure   Level
a - Shock                 Conj/Air       68%        1d7       9%          1
b - Static Discharge      Conj/Air       34%        2-4/arc   14%         2
c - Swiftness             Air            22%        N/A       16%         3

Your spell library contained the following spells:

 Spells                   Type           Power      Damage    Failure   Level
 Magic Dart               Conj           48%        1d5       16%         1
 Mephitic Cloud           Conj/Pois/Air  12%        N/A       43%         3
 Summon Small Mammal      Summ           4%         N/A       47%         1
 Call Imp                 Summ           2%         N/A       63%         2
 Call Canine Familiar     Summ           1%         N/A       85%         3
 Ozocubu's Armour         Ice            1%         N/A       85%         3
 Summon Guardian Golem    Hex/Summ       1%         N/A       85%         3
 Airstrike                Air            11%        2d(2-18)  45%         4
 Ozocubu's Refrigeration  Ice            0%         4d7       100%        7


Dungeon Overview and Level Annotations

Branches:
Dungeon (4/15)
 Temple: D:4-7

Altars:
Ashenzari


Innate Abilities, Weirdness & Mutations

You have a beak for a mouth.
You have claws for feet.
Your magical nature lets you fly swiftly and evasively.


Message History

Aiming: Shock (safe; 9% risk of failure)
Press: ? - help, Shift-Dir - straight line, f - orc priest
Aim: an orc priest, wielding a +0 club and wearing a +0 scale mail (75% to hit)
You miscast Shock.
You are very lightly contaminated with residual magic.
Nothing appears to happen.
The ball python bites you but does no damage.
The ball python constricts you.
Casting: Shock (safe; 9% risk of failure)
Confirm with . or Enter, or press ? or * to list all spells.
Aiming: Shock (safe; 9% risk of failure)
Press: ? - help, Shift-Dir - straight line, f/p - orc priest
Aim: an orc priest, wielding a +0 club and wearing a +0 scale mail (75% to hit)
You miscast Shock.
Nothing appears to happen.
The ball python bites you.
* * * LOW HITPOINT WARNING * * *
The ball python constricts you.
Unknown command.
Throw: throwing net
Press: ? - help, Q - select action, (/) - cycle Shift-Dir - straight line, f/p - orc priest
Aim: an orc priest, wielding a +0 club and wearing a +0 scale mail (63% to hit)
You throw a throwing net. The throwing net hits the orc priest.
The orc priest is caught in the net!
The ball python barely misses you. The ball python constricts you.
The orc priest struggles against the net.
You escape the ball python's grasp.
The orc priest struggles against the net.
The orc priest struggles against the net.
Casting: Shock (safe; 9% risk of failure)
Confirm with . or Enter, or press ? or * to list all spells.
Aiming: Shock (safe; 9% risk of failure)
Press: ? - help, Shift-Dir - straight line, p - orc priest The zap misses the ball python.
The zap hits the orc priest.
The orc priest is moderately wounded.
The zap hits the orc priest.
The orc priest is moderately wounded.
The zap hits the ball python.
You kill the ball python!
The orc priest calls down the wrath of Beogh upon you.
Pain shoots through your body!
You die...

#.......## #)).#...
#........#####....?.#
###..........##........
#..........#...........
##........#.#...........
#.......#.#...........#.
#.......#.............#.
###........#.........##
##...@†o.##........#
##(.....#.......#.[
#.......)##........
#....)...# .......
##.###.### #...... ###
### ...... ...##. ...
.$..


You could see an orc priest (caught).

Vanquished Creatures
  A phantom (D:4)
  A howler monkey (D:4)
  2 hounds
  3 adders
  A dart slug (D:3)
  4 orcs
  6 ball pythons
  4 bats
  4 endoplasms
  2 giant cockroaches (D:2)
  5 goblins
  4 hobgoblins
  2 quokkas
  2 frilled lizards
  5 kobolds
  A rat (D:1)
47 creatures vanquished.

Notes
Turn   | Place    | Note
-------+----------+-------------------------------------------
     0 | D:1      | Lutefisk the Tengu Air Elementalist began the quest for the
                  | Orb.
     0 | D:1      | Reached XP level 1. HP: 10/10 MP: 4/4
    70 | D:2      | Reached skill level 1 in Fighting
   195 | D:1      | Reached XP level 2. HP: 16/16 MP: 6/6
   321 | D:2      | Reached XP level 3. HP: 22/22 MP: 2/7
   532 | D:3      | Found a broken altar of Ashenzari.
   628 | D:3      | Learned a level 2 spell: Static Discharge
   632 | D:3      | Learned a level 3 spell: Swiftness
   700 | D:3      | Reached skill level 1 in Armour
   700 | D:3      | Reached XP level 4. HP: 19/28 MP: 3/8
   900 | D:4      | Noticed a phantom
   914 | D:4      | Killed a phantom
   915 | D:4      | Reached skill level 5 in Air Magic
   915 | D:4      | Gained mutation: Your magical nature lets you fly swiftly
                  | and evasively. [Tengu growth]
   915 | D:4      | Reached XP level 5. HP: 28/32 MP: 1/9
   978 | D:4      | Reached XP level 6. HP: 22/37 MP: 1/10
  1029 | D:4      | Killed from afar by an orc priest

Illustrated notes

Levels and vault maps discovered:
D:1:      dpeg_arrival_arbitrary_b, layout_loops_corners, minmay_close_crescents
D:2:      layout_rooms
D:3:      layout_loops_corners, cheibrodos_ashenzari_chains, item_on_display_a
D:4:      layout_cave_pools, lemuel_temple_firewalk_b, gammafunk_ghost_mausoleum

Skill      XL: |  1  2  3  4 |
---------------+-------------+-----
Fighting       | 1 2 3 |  3.0
Conjurations   | 2 3 |  3.0
Armour         | 1 2 |  2.0
Air Magic      | 5 |  5.8
Dodging        | |  2.8
Stealth        | |  2.6
Spellcasting   | |  2.0

Action                     |  1- 3 |  4- 6 || total
---------------------------+-------+-------++-------
  Melee: Unarmed           |     2 |       ||     2
         Hand axe          |    24 |    17 ||    41
         Kick              |     5 |     3 ||     8
         Peck              |     6 |     3 ||     9
  Throw: Throwing net      |       |     1 ||     1
   Cast: Shock             |    40 |    17 ||    57
         Static Discharge  |       |     1 ||     1
   Stab: Sleeping          |     1 |       ||     1
 Armour: Robe              |     4 |       ||     4
         Ring mail         |     4 |    20 ||    24
  Dodge: Dodged            |    23 |    27 ||    50
